cohdb
Replays
Latest Replays
All Replays
Popular Replays
Top Player Replays
Match Explorer
How It Works
Community
CoH3 Stats
Reddit
Sign in to upload your games and track your stats! →
Sign in with Steam
Match 42778704
Unlisted
Match 42778704
Overview
Messages
Build Orders
End
Engineer Squad
Selects Special Operations Battlegroup
Selects M29 Weasel Recon Vehicle
M29 Weasel Recon Vehicle
Construct Weapon Support Center
M1919 Machine Gun Team
Bazooka Squad
Infantry Support Center
M3 Armored Personnel Carrier
Selects Raiding Flares
Raiding Flares
Munitions Surplus
Bazooka Squad
Improved M9 Bazooka Rockets
Selects SSF Commando Squad
Survival Training
Raiding Flares
SSF Commando Squad
TwistedTootsy
Thomas Shelby
.
Tharrats
Sol Invictus
Reactive
A2O
Dsadow
0
0
Comments
sign in to comment!
No comments posted yet!